 Dungeon Crawl Stone Soup version 0.31-a0-1529-g7bd419a0e5 (webtiles) character file.

Game seed: 4061874125224318778

85 tilp the Vexing (level 4, 0/32 HPs)
             Began as a Vampire Enchanter on Dec 31, 2023.
             Killed by divine providence
             ... invoked by an orc priest
              (15 damage)
             ... on level 2 of the Dungeon.
             The game lasted 00:03:27 (1648 turns).

tilp the Vexing (Vampire Enchanter)                 Turns: 1648, Time: 00:03:27

Health: 0/32       AC:  4    Str:  7    XL:     4   Next: 25%
Magic:  0/7        EV: 12    Int: 19    God:
Gold:   45         SH:  0    Dex: 14    Spells: 2/7 levels left

rFire   . . .        a - +1 dagger
rCold   + . .        (no shield)
rNeg    . . .        b - +0 robe
rPois   .            (no helmet)
rElec   .            (no cloak)
rCorr   .            (no gloves)
SInv    +            h - +1 pair of boots
Will    .....        (no amulet)
Stlth   +++          g - ring of protection from cold
HPRegen 0.45/turn    (no ring)
MPRegen 0.10/turn

%: no passive effects
@: very slightly contaminated, healing quickly
A: alive, fangs 3, see invisible, vampiric 2
a: Exsanguinate


You were on level 2 of the Dungeon.
You visited 1 branch of the dungeon, and saw 2 of its levels.

You collected 45 gold pieces.

Inventory:

Hand Weapons
 a - a +1 dagger (weapon)
Missiles
 i - 6 boomerangs
 j - 2 poisoned darts (quivered)
Armour
 b - a +0 robe (worn)
 h - a +1 pair of boots (worn)
Jewellery
 e - an amulet of guardian spirit
 g - a ring of protection from cold (left hand)
Scrolls
 f - a scroll of enchant armour {unknown}
Potions
 c - 2 potions of invisibility
 d - a potion of brilliance


   Skills:
 * Level 1.2 Fighting
 + Level 1.8(2.2) Short Blades
 * Level 1.6(2.0) Long Blades
 + Level 2.5 Dodging
 + Level 4.8 Stealth
 + Level 2.3 Spellcasting
 + Level 5.0 Hexes
 + Level 0.2 Ice Magic


You had 2 spell levels left.
You knew the following spells:

 Your Spells              Type           Power      Damage    Failure   Level
a - Ensorcelled Hibernat  Hex/Ice        24%        N/A       9%          2
b - Confusing Touch       Hex            21%        N/A       6%          3

Your spell library contained the following spells:

 Spells                   Type           Power      Damage    Failure   Level
 Freeze                   Ice            8%         1d3       16%         1
 Tukima's Dance           Hex            21%        N/A       6%          3
 Dazzling Flash           Conj/Hex       22%        N/A       19%         3
 Frozen Ramparts          Ice            4%         1d1       41%         3
 Ozocubu's Armour         Ice            2%         N/A       41%         3
 Hailstorm                Conj/Ice       2%         3d5       43%         3
 Metabolic Englaciation   Hex/Ice        6%         N/A       83%         5
 Sculpt Simulacrum        Ice/Alch       1%         N/A       100%        6


Dungeon Overview and Level Annotations

Branches:
Dungeon (2/15)

Altars:


Innate Abilities, Weirdness & Mutations

Your natural rate of healing is accelerated.
You have razor-sharp teeth.
You have supernaturally acute eyesight. (SInv)
You are afflicted with vampirism and can become a bat while bloodless.


Message History

The orc looks drowsy...
Unknown command.
The helpless orc fails to defend itself.
You impale the orc!!
You kill the orc!
Casting: Ensorcelled Hibernation (safe; 9% risk of failure)
Confirm with . or Enter, or press ? or * to list all spells.
Aiming: Ensorcelled Hibernation (safe; 9% risk of failure)
Press: ? - help, Shift-Dir - straight line, f - orc
Aim: an orc, wielding a +0 club and wearing a +0 ring mail (chance to affect: 62%)
The orc looks drowsy...
Unknown command.
The helpless orc fails to defend itself.
You impale the orc!!
You kill the orc!
Your Hexes skill increases to level 5!
Unknown command.
The orc priest shouts!
The orc wizard shouts!
Casting: Ensorcelled Hibernation (safe; 9% risk of failure)
Confirm with . or Enter, or press ? or * to list all spells.
Aiming: Ensorcelled Hibernation (safe; 9% risk of failure)
Press: ? - help, Shift-Dir - straight line, f - orc priest
Aim: an orc priest, wielding a +0 hand axe (chance to affect: 46%)
The orc priest resists with some effort.
The orc priest invokes the aid of Beogh against you.
Pain shoots through your body!
Unknown command.
Casting: Ensorcelled Hibernation (safe; 9% risk of failure)
Confirm with . or Enter, or press ? or * to list all spells.
Aiming: Ensorcelled Hibernation (safe; 9% risk of failure)
Press: ? - help, Shift-Dir - straight line, f/p - orc priest
Aim: an orc priest, wielding a +0 hand axe (chance to affect: 46%)
You miscast Ensorcelled Hibernation.
You are very lightly contaminated with residual magic.
Nothing appears to happen.
The orc priest closely misses you. The orc barely misses you.
The orc throws a boomerang.
The boomerang hits you.
The orc priest calls down the wrath of Beogh upon you.
Beogh smites you!
You die...

#.....#.#...# #............##.
##....#.#...# #.........#.#...
#....#.#...# #.........#.#.#.
######^#...# ###......##.#...
###.####### #......##.###o
#####....†....####oo....##...<.
#...#............$############.
#.#.#...........o.# #.
###.#.#.####...<@...# #.
..<...#.# ########## #.
......#.# ## ......#.#
......#.# ........# ......###
......# #######


You could see an orc priest, an orc wizard and an orc.

Vanquished Creatures
  2 adders (D:2)
  2 dart slugs (D:1)
  2 orcs (D:2)
  6 bats
  9 endoplasms
  3 giant cockroaches
  7 goblins
  A hobgoblin (D:1)
  8 jackals
  2 quokkas
  2 ball pythons (D:1)
  3 frilled lizards (D:1)
  2 kobolds (D:1)
  3 rats (D:1)
52 creatures vanquished.

Notes
Turn   | Place    | Note
-------+----------+-------------------------------------------
     0 | D:1      | tilp the Vampire Enchanter began the quest for the Orb.
     0 | D:1      | Reached XP level 1. HP: 13/13 MP: 3/3
   129 | D:1      | Reached XP level 2. HP: 18/20 MP: 5/5
   140 | D:1      | Learned a level 2 spell: Ensorcelled Hibernation
   243 | D:1      | Reached skill level 1 in Long Blades
   344 | D:1      | Gained mutation: You are afflicted with vampirism and can
                  | become a bat while bloodless. [Vampire growth]
   344 | D:1      | Reached XP level 3. HP: 25/25 MP: 3/6
   348 | D:1      | Learned a level 3 spell: Confusing Touch
   950 | D:2      | Reached skill level 1 in Fighting
  1217 | D:2      | Reached XP level 4. HP: 32/32 MP: 4/7
  1640 | D:2      | Reached skill level 5 in Hexes
  1648 | D:2      | Killed from afar by an orc priest

Illustrated notes

Levels and vault maps discovered:
D:1:      nzn_arrival_depleted_hourglass, layout_rooms,
          kennysheep_pointless_box, minmay_vboxes
D:2:      layout_basic

Skill      XL: |  1  2  3  4 |
---------------+-------------+-----
Long Blades    | 1 |  1.6
Fighting       | 1 |  1.2
Hexes          | 5 |  5.0
Short Blades   | |  1.8
Dodging        | |  2.5
Stealth        | |  4.8
Spellcasting   | |  2.3
Ice Magic      | |  0.2

Action                     |  1- 3 |  4- 6 || total
---------------------------+-------+-------++-------
  Melee: Dagger            |   101 |    36 ||   137
         Bite              |     8 |     2 ||    10
         Punch             |     1 |       ||     1
  Throw: Dart              |       |     1 ||     1
   Cast: Ensorcelled Hiber |    16 |     4 ||    20
    Use: Scroll            |     1 |       ||     1
   Stab: Sleeping          |    18 |     3 ||    21
 Armour: Robe              |    40 |    12 ||    52
  Dodge: Dodged            |    54 |    36 ||    90

Table legend: (Time is in decaauts)
 A = Elapsed time spent in this place.
 B = Non-inter-level travel time spent in this place.
 C = Inter-level travel time spent in this place.
 D = Time resting spent in this place.
 E = Time spent auto-exploring this place.
 F = Levels seen in this place.
 G = Mean time per level.
                   A        B        C        D        E       F      G
               +--------+--------+--------+--------+--------+-----+--------+
         Total |   1636 |   1547 |     89 |      9 |   1167 |   2 |  818.0 |
       Dungeon |   1636 |   1547 |     89 |      9 |   1167 |   2 |  818.0 |
               +--------+--------+--------+--------+--------+-----+--------+

Top non-repeatable levels by time:
     D:1: 853 daAuts
     D:2: 783 daAuts
